 Dungeon Crawl Stone Soup version 0.25-a0-108-gda8bd6cf83 (webtiles) character file.

Game seed: 13852590019721452699, levelgen mode: deterministic

18 mortelune the Skirmisher (level 2, 0/24 HPs)
             Began as a Demonspawn Wanderer on Nov 17, 2019.
             Slain by a hobgoblin (4 damage)
             ... on level 1 of the Dungeon.
             The game lasted 00:02:07 (218 turns).

mortelune the Skirmisher (Demonspawn Wanderer)       Turns: 218, Time: 00:02:07

Health: 0/24       AC:  2    Str: 11    XL:     2   Next: 51%
Magic:  2/2        EV: 10    Int: 14    God:
Gold:   0          SH:  7    Dex: 12    Spells: 1/1 levels left

rFire    . . .     SeeInvis .   b - +0 mace
rCold    . . .     Gourm    .   d - +0 shield
rNeg     . . .     Faith    .   e - +0 robe
rPois    .         Spirit   .   (no helmet)
rElec    .         Reflect  .   (no cloak)
rCorr    .         Harm     .   (no gloves)
MR       .....                  (no boots)
Stlth    +.........             (no amulet)
HPRegen  0.08/turn              (no ring)
MPRegen  0.08/turn              (no ring)

@: no status effects
A: repulsion field 1
a: no special abilities


You were on level 1 of the Dungeon.
You were not hungry.

You visited 1 branch of the dungeon, and saw 1 of its levels.

Inventory:

Hand Weapons
 a - a +0 hand crossbow
 b - a +0 mace (weapon)
Missiles
 c - 23 bolts
Armour
 d - a +0 shield (worn)
 e - a +0 robe (worn)
Comestibles
 f - a ration
 h - 2 chunks of flesh


   Skills:
 + Level 3.1 Fighting
 * Level 2.2 Maces & Flails
 + Level 1.3 Crossbows
 - Level 1.0 Throwing
 + Level 2.0 Armour
 - Level 1.0 Shields


You had one spell level left.
You didn't know any spells.
Your spell library was empty.

Dungeon Overview and Level Annotations

Branches:
Dungeon (1/15)

Altars:


Innate Abilities, Weirdness & Mutations

You are surrounded by a mild repulsion field. (EV +2)


Message History

You hit the hobgoblin.
The hobgoblin is severely wounded.
The hobgoblin hits you.
* * * LOW HITPOINT WARNING * * *
You closely miss the hobgoblin.
The hobgoblin is severely wounded.
The hobgoblin shouts!
The hobgoblin barely misses you.
You hit the hobgoblin.
You kill the hobgoblin!
You see here a hobgoblin corpse.
Found 9 poisoned darts and a golden ring.
A bat comes into view.
The bat hits you but does no damage.
You see here 9 poisoned darts.
You barely miss the bat. The bat hits you but does no damage.
The hobgoblin closely misses you. You block the bat's attack.
You miss the bat. The bat completely misses you. The hobgoblin hits you.
You die...

...##.# #.#...#.###.#
...##.# #.#...#.# .#
...##(# #.......# .#
...##.# ##.......# .#
...##(# .........# .#
..###(# ###.#....## .#
### #.# #.#....# .#
..###r#.## ##.=g#
....g....# #..@#
#.###..#.........b....#
#.# #....#####..#######
#.# #.#.## #.. .. ..#>#
#.. .. ....# #.. #.
##### #.. #. ...


You could see a hobgoblin and a bat.

Vanquished Creatures
  A gnoll (D:1)
  A dart slug (D:1)
  2 hobgoblins (D:1)
  2 kobolds (D:1)
  A bat (D:1)
7 creatures vanquished.

Notes
Turn   | Place    | Note
-------+----------+-------------------------------------------
     0 | D:1      | mortelune the Demonspawn Wanderer began the quest for the
                  | Orb.
     0 | D:1      | mortelune set off with the following items: a +0 hand
                  | crossbow, a +0 shield, 26 bolts, a +0 mace, a +0 robe, a
                  | ration
     0 | D:1      | Reached XP level 1. HP: 18/18 MP: 1/1
   150 | D:1      | Gained mutation: You are surrounded by a mild repulsion
                  | field. (EV +2) [demonic ancestry]
   150 | D:1      | Reached XP level 2. HP: 8/24 MP: 2/2
   218 | D:1      | Slain by a hobgoblin

Levels and vault maps discovered:
D:1:      dpeg_arrival_pond, layout_loops_ring

Skill      XL: |  1 |
---------------+----+-----
Maces & Flails | 2 |  2.2
Armour         | 2 |  2.0
Fighting       | |  3.1
Crossbows      | |  1.3
Throwing       | |  1.0
Shields        | |  1.0

Action                   || total
-------------------------++-------
Melee: Mace              ||    33
 Fire: Hand crossbow     ||     8
  Use: Potion            ||     1
Armor: Robe              ||     7
Dodge: Dodged            ||    19
Block: Shield            ||    16

Table legend:
 A = Non-vault XP
 B = Vault XP
 C = Vault XP percentage of total XP
 D = Non-vault monster count
 E = Vault monster count
 F = Vault count percentage of total count
                 A         B        C        D         E       F
            +---------+---------+-------+---------+---------+-------
      Total |      27 |       0 |   0.0 |       7 |       0 |   0.0
            +---------+---------+-------+---------+---------+-------
        D:1 |      27 |       0 |   0.0 |       7 |       0 |   0.0
            +---------+---------+-------+---------+---------+-------
